 Dungeon Crawl Stone Soup version 0.31-a0-177-g4aa6249778 (webtiles) character file.

Game seed: 714144042060780091

47 qw the Chopper (level 3, -19/23 HPs)
             Began as a Gargoyle Fighter on June 18, 2023.
             Demolished by an ogre
             ... wielding a +0 giant spiked club
              (26 damage)
             ... on level 3 of the Dungeon.
             The game lasted 00:00:45 (1690 turns).

qw the Chopper (Gargoyle Fighter)                   Turns: 1690, Time: 00:00:45

Health: -19/23     AC: 11    Str: 21    XL:     3   Next: 70%
Magic:  3/3        EV:  9    Int:  8    God:
Gold:   174        SH:  4    Dex:  9    Spells: 2/2 levels left

rFire   . . .        Y - +0 war axe
rCold   . . .        c - +0 buckler
rNeg    + . .        b - +0 scale mail
rPois   inf          (no helmet)
rElec   +            (no cloak)
rCorr   .            h - +0 pair of gloves
SInv    .            (no boots)
Will    .....        (no amulet) Stlth
                     (no ring)
HPRegen 0.23/turn    (no ring)
MPRegen 0.08/turn

%: no passive effects
@: no status effects
A: sickness immunity, AC +3, negative energy resistance 1, electricity
resistance, torment resistance 1, petrification resistance
a: no special abilities


You were on level 3 of the Dungeon.
You visited 1 branch of the dungeon, and saw 3 of its levels.

You collected 174 gold pieces.


Innate Abilities, Weirdness & Mutations

You are immune to sickness and miasma.
Your stone body is resilient. (AC +3)
You are immune to poison.
You resist negative energy. (rN+)
You are resistant to electric shocks. (rElec)
You are resistant to unholy torment.
You are immune to petrification.


   Skills:
 - Level 3.2 Fighting
 + Level 3.6 Axes
 - Level 3.2 Armour
 - Level 3.2 Shields


You had 2 spell levels left.
You didn't know any spells.
Your spell library was empty.

Inventory:

Hand Weapons
 k - a +0 morningstar
 Y - a +0 war axe (weapon)
Armour
 b - a +0 scale mail (worn)
 c - a +0 buckler (worn)
 h - a +0 pair of gloves (worn)
 j - a +0 chain mail
Scrolls
 a - 3 scrolls of identify
 e - a scroll of teleportation
Potions
 d - a potion of might
 f - a potion of lignification
 g - a potion of magic {unknown}
 i - 2 potions of haste {unknown}
 l - a potion of curing {unknown}
 m - a potion of attraction {unknown}

Dungeon Overview and Level Annotations

Branches:
Dungeon (3/15)

Altars:
Ashenzari

Shops:
D:2 :


Message History

The bat hits you but does no damage. The bat barely misses you.
A bat is nearby!
You miss the bat. The bat hits you but does no damage. x2
You closely miss the bat. The bat hits you but does no damage.
The bat closely misses you.
You hit the bat.
You kill the bat!
There is an escape hatch in the ceiling here.
a - 3 scrolls of identify (gained 1)
Found 6 poisoned darts.
m - a purple potion
Enter note:
Found 5 stones.
Enter note: You now have 169 gold pieces (gained 16).
Found a stone staircase leading up.
Enter note:
Enter note:
Found a faded altar of an unknown god.
Found a stone staircase leading down.
Enter note:
Enter note: You now have 174 gold pieces (gained 5).
An ogre comes into view. It is wielding a +0 giant spiked club.
The ogre shouts!
Enter note:
Enter note: You hit the ogre.
The ogre is lightly wounded.
The ogre hits you with a +0 giant spiked club!
Ouch! That really hurt!
You slash the ogre!
The ogre is moderately wounded.
The ogre closely misses you.
You slash the ogre!
The ogre is heavily wounded.
The ogre hits you with a +0 giant spiked club!!
Ouch! That really hurt!
You die...

##.#~~~~.~~~
#.#..~.~~~.~
#.#...~~_~~...#
####.#...~~.~~...#
#....#...~.~.~... .
#.#..#..~.~.~.~..#.
#...#.#~.~...~.~#.#
##.###..~.....~....
#@# ##.#.....#.##.
#......O#
##.#####.....
#.#####.#
###.....#.#.. #.#
#.>...###.#.# ..#
#.....# #.#.# #.#
#.....###.... #.#
#.....##..... ..#
#.....##.##.#
########.##..


You could see an ogre.

Vanquished Creatures
  An adder (D:2)
  A worm (D:2)
  A dart slug (D:2)
  7 bats
  2 endoplasms
  2 goblins (D:1)
  2 hobgoblins (D:1)
  5 jackals (D:1)
  2 quokkas (D:1)
  A frilled lizard (D:2)
  3 kobolds
  4 rats
31 creatures vanquished.

Notes
Turn   | Place    | Note
-------+----------+-------------------------------------------
     0 | D:1      | qw the Gargoyle Fighter began the quest for the Orb.
     0 | D:1      | Reached XP level 1. HP: 14/14 MP: 1/1
     0 | D:1      | 0 ||| qw: Version: 0.3-a-5-g6f28e65
     0 | D:1      | 0 ||| qw: Game counter: 641
     0 | D:1      | 0 ||| qw: Always use a shield: true
     0 | D:1      | 0 ||| qw: God list: Okawaru
     0 | D:1      | 0 ||| qw: Allow faded altars: false
     0 | D:1      | 0 ||| qw: Do Orc after D:15 true
     0 | D:1      | 0 ||| qw: Do second Lair branch before Depths: true
     0 | D:1      | 0 ||| qw: Lair rune preference: random
     0 | D:1      | 0 ||| qw: Plans: Normal, Zot:1-4, Slime:5, God:TSO, Crypt,
                  | Tomb, Abyss, Pan, Hells, Win
     0 | D:1      | 0 ||| PLANNING D:1-11
    77 | D:1      | Reached XP level 2. HP: 19/19 MP: 2/2
   348 | D:1      | 348 ||| Stepping ~*~*~tactically~*~*~ (hiding).
   351 | D:1      | 351 ||| Stepping ~*~*~tactically~*~*~ (hiding).
   353 | D:1      | 353 ||| Stepping ~*~*~tactically~*~*~ (hiding).
   600 | D:1      | 600 ||| Stepping ~*~*~tactically~*~*~ (stealth).
   602 | D:1      | 602 ||| Stepping ~*~*~tactically~*~*~ (stealth).
   611 | D:1      | Reached skill level 3 in Axes
   702 | D:1      | 702 ||| UPGRADING to +0 pair of gloves.
   707 | D:1      | 707 ||| READING 3 scrolls labelled TERYTU AFIPTA.
   708 | D:1      | 708 ||| READING 2 scrolls of identify.
   708 | D:1      | 708 ||| IDENTIFYING smoky brown potion
   783 | D:2      | Reached XP level 3. HP: 12/23 MP: 3/3
   918 | D:2      | Found Ziydy's Book Shoppe.
  1372 | D:2      | Found a broken altar of Ashenzari.
  1461 | D:2      | 1461 ||| DROPPING ring of wizardry.
  1462 | D:2      | 1462 ||| READING scroll labelled BYCKAL WIAQAOK.
  1663 | D:3      | Found a faded altar of an unknown god.
  1682 | D:3      | Noticed an ogre
  1690 | D:3      | Demolished by an ogre

Levels and vault maps discovered:
D:1:      roderic_crop_circles_arrival_small, layout_loops_ring, nicolae_titane
D:2:      layout_loops_ring, basic_altar, serial_shops,
          nicolae_shop_getting_attention
D:3:      layout_loops_cross, mainiacjoe_overflow_alcove_2,
          shapermc_ecumenical_altar_starsandcircs

Skill      XL: |  1  2 |
---------------+-------+-----
Axes           | 2 3 |  3.6
Fighting       | |  3.2
Armour         | |  3.2
Shields        | |  3.2

Action                     || total
---------------------------++-------
  Melee: War axe           ||   116
    Use: Scroll            ||     3
 Armour: Scale mail        ||    57
  Dodge: Dodged            ||    47
  Block: Buckler           ||    31

Table legend:
 A = Non-vault XP
 B = Vault XP
 C = Vault XP percentage of total XP
 D = Non-vault monster count
 E = Vault monster count
 F = Vault count percentage of total count
                 A         B        C        D         E       F
            +---------+---------+-------+---------+---------+-------
      Total |      68 |       0 |   0.0 |      31 |       0 |   0.0
            +---------+---------+-------+---------+---------+-------
        D:1 |      31 |       0 |   0.0 |      18 |       0 |   0.0
        D:2 |      35 |       0 |   0.0 |      12 |       0 |   0.0
        D:3 |       2 |       0 |   0.0 |       1 |       0 |   0.0
            +---------+---------+-------+---------+---------+-------
